 Dungeon Crawl Stone Soup version 0.30-a0-381-g6ea064c7b4 (webtiles) character file.

Game seed: 10294670307976980768

1084 qeuew the Gusty (level 8, -8/50 HPs)
             Began as a Tengu Air Elementalist on Dec 1, 2022.
             Mangled by an ogre
             ... wielding a +0 giant spiked club
              (15 damage)
             ... on level 5 of the Dungeon.
             The game lasted 00:07:16 (4899 turns).

qeuew the Gusty (Tengu Air Elementalist)            Turns: 4899, Time: 00:07:16

Health: -8/50      AC:  6    Str: 10    XL:     8   Next: 30%
Magic:  8/13       EV: 15    Int: 17    God:
Gold:   253        SH:  0    Dex: 14    Spells: 11/14 levels left

rFire   . . .      SeeInvis .    g - +0 hand axe
rCold   . . .      Faith    .    (no shield)
rNeg    . . .      Spirit   .    k - +1 leather armour
rPois   .          Reflect  .    (helmet restricted)
rElec   .          Harm     .    (no cloak)
rCorr   +          Rampage  .    (no gloves)
Will    .....                    (boots unavailable)
Stlth   ++........               (no amulet)
HPRegen 0.28/turn                f - ring of resist corrosion
MPRegen 0.13/turn                (no ring)

@: flying quickly and evasively, quick
A: beak, talons 3, nimble flight, iridescent scales 1, low MP 1, robust 1,
MP-powered wands
a: no special abilities


You were on level 5 of the Dungeon.
You visited 1 branch of the dungeon, and saw 5 of its levels.

You collected 253 gold pieces.

Inventory:

Hand Weapons
 g - a +0 hand axe (weapon)
Armour
 k - a +1 leather armour (worn)
Jewellery
 a - a ring of ice
 f - a ring of resist corrosion (left hand)
 q - a ring of poison resistance
 r - an amulet of reflection
Wands
 b - a wand of charming (17)
Scrolls
 c - a scroll of teleportation
 d - a scroll of fear
 h - a scroll of summoning
 l - 2 scrolls of enchant armour
 n - 2 scrolls of magic mapping
 o - a scroll of identify
Potions
 e - a potion of resistance
 i - 4 potions of curing
 j - a potion of berserk rage
 m - a potion of cancellation
 p - 3 potions of mutation


   Skills:
 + Level 3.2 Fighting
 + Level 3.4 Axes
 + Level 3.5 Armour
 + Level 4.6 Dodging
 - Level 2.0 Stealth
 + Level 3.7 Spellcasting
 + Level 4.6 Conjurations
 + Level 6.3 Air Magic


You had 11 spell levels left.
You knew the following spells:

 Your Spells              Type           Power      Damage    Failure   Level
a - Shock                 Conj/Air       84%        1d8       2%          1
b - Static Discharge      Conj/Air       42%        2-4/arc   3%          2

Your spell library contained the following spells:

 Spells                   Type           Power      Damage    Failure   Level
 Swiftness                Air            24%        N/A       4%          3
 Airstrike                Air            12%        2d(2-18)  16%         4
 Blink                    Tloc           6%         N/A       32%         2
 Manifold Assault         Tloc           3%         N/A       91%         4
 Storm Form               Tmut/Air       6%         N/A       100%        7


Dungeon Overview and Level Annotations

Branches:
Dungeon (5/15)
 Temple: D:4-7

Altars:
Makhleb
Qazlal

Shops:
D:3 (

Portals:
Abyss: D:3

Annotations:
D:3 2 transporters, zishaf's ghost, amateur VSBr


Innate Abilities, Weirdness & Mutations

You have a beak for a mouth.
You have claws for feet.
Your magical nature lets you fly swiftly and evasively.
You are partially covered in iridescent scales. (AC +2)
Your magical capacity is low. (-10% MP)
You are robust. (+10% HP)
You expend magic power (3 MP) to strengthen your wands.


Message History

An ogre comes into view. It is wielding a +0 giant spiked club.
Found a long silver wand.
The centaur shoots an arrow.
The arrow completely misses you.
There are monsters nearby!
The zap hits the centaur.
The centaur is severely wounded.
The zap misses the ogre.
The centaur shoots an arrow.
The arrow barely misses you.
The centaur shoots an arrow.
The arrow hits you.
The centaur shoots an arrow.
The arrow misses you.
There are monsters nearby!
The centaur unwields a +0 shortbow.
The centaur misses you.
The centaur kicks you but does no damage.
The zap hits the centaur but does no damage.
The centaur is severely wounded.
The zap hits the ogre.
The ogre is lightly wounded.
The centaur misses you. x2
The centaur hits you but does no damage.
The centaur kicks you but does no damage.
Aiming: Shock (safe; 2% risk of failure)
Press: ? - help, Q - select action, (/) - cycle Shift-Dir - straight line, f/p - centaur
Aim: a centaur (severely wounded, 84% to hit)
The zap hits the centaur!
You kill the centaur!
The zap hits the ogre!
The ogre is heavily wounded.
Aiming: Shock (safe; 2% risk of failure)
Press: ? - help, Q - select action, (/) - cycle Shift-Dir - straight line, f - ogre
Aim: an ogre, wielding a +0 giant spiked club (heavily wounded, 88% to hit)
The zap hits the ogre.
The ogre is severely wounded.
The ogre completely misses you.
You hit the ogre.
The ogre is severely wounded.
The ogre hits you with a +0 giant spiked club!!
* * * LOW HITPOINT WARNING * * *
You hit the ogre. Your kick misses the ogre. You peck the ogre.
The ogre is almost dead.
The ogre hits you with a +0 giant spiked club!
You die...

#.###.....####......#.##.#
#^#
####....##.#.#..#.##.####
#.#
#.##..#.#.#..#.##...'####
#.#
#.###.....#..#.######...≈
..# #.# ###...#.......#
#._.≈ ### #.#
#####......##.###...≈ ...
....?..........######
...########...#......#
.../...O@...#.......##
..###########'####+##
#........# ###........####
#.........>.+...
#...........####
.............+ ..
###.##........# #.
.............## #.


You could see an ogre.

Vanquished Creatures
  Grinder (D:5)
  An ogre (D:4)
  A centaur (D:5)
  3 phantoms (D:5)
  A bullfrog (D:4)
  A scorpion (D:5)
  An orc priest (D:3)
  A gnoll bouda (D:5)
  An orc wizard (D:3)
  Jessica (D:3)
  2 iguanas (D:4)
  Robin (D:4)
  6 gnolls
  4 adders (D:2)
  A shadow imp (D:5)
  A worm (D:2)
  3 dart slugs
  3 orcs
  6 ball pythons
  4 bats
  6 endoplasms
  4 giant cockroaches
  20 goblins
  9 hobgoblins
  5 jackals (D:4)
  6 quokkas
  2 frilled lizards
  12 kobolds
  6 rats
113 creatures vanquished.

Notes
Turn   | Place    | Note
-------+----------+-------------------------------------------
     0 | D:1      | qeuew the Tengu Air Elementalist began the quest for the
                  | Orb.
     0 | D:1      | Reached XP level 1. HP: 10/10 MP: 4/4
   332 | D:1      | Reached XP level 2. HP: 16/16 MP: 3/6
   725 | D:1      | Reached XP level 3. HP: 19/20 MP: 1/7
   908 | D:2      | Learned a level 2 spell: Static Discharge
   972 | D:2      | Reached skill level 1 in Armour
  1039 | D:2      | Reached skill level 1 in Fighting
  1161 | D:2      | Reached skill level 1 in Axes
  1161 | D:2      | Reached XP level 4. HP: 24/25 MP: 0/8
  1771 | D:2      | Gained mutation: Your magical capacity is low. (-10% MP)
                  | [potion of mutation]
  1771 | D:2      | Gained mutation: You have hidden genetic potential. [potion
                  | of mutation]
  1771 | D:2      | Gained mutation: You are robust. (+10% HP) [potion of
                  | mutation]
  1914 | D:3      | Found a transporter.
  1970 | D:3      | Noticed a small abomination
  2015 | D:3      | Found a one-way gate to the infinite horrors of the Abyss.
  2015 | D:3      | Found a transporter.
  2015 | D:3      | Noticed zishaf's ghost (amateur VSBr)
  2016 | D:3      | Noticed a small abomination
  2032 | D:3      | Gained mutation: Your magical nature lets you fly swiftly
                  | and evasively. [Tengu growth]
  2032 | D:3      | Reached XP level 5. HP: 31/31 MP: 1/8
  2062 | D:3      | Gained mutation: You expend magic power (3 MP) to
                  | strengthen your wands. [hidden potential]
  2222 | D:3      | Found Hepium's Antique Weapon Emporium.
  2264 | D:3      | Noticed Jessica
  2266 | D:3      | Killed Jessica
  2267 | D:3      | Reached skill level 5 in Air Magic
  2590 | D:4      | Noticed Robin
  2614 | D:4      | Killed Robin
  2615 | D:4      | Reached XP level 6. HP: 10/38 MP: 7/10
  2957 | D:4      | Gained mutation: You are partially covered in iridescent
                  | scales. (AC +2) [hidden potential]
  2957 | D:4      | Lost mutation: You have hidden genetic potential. [hidden
                  | potential expressed]
  3329 | D:4      | Reached XP level 7. HP: 44/44 MP: 4/11
  3907 | D:5      | Entered Level 5 of the Dungeon
  4087 | D:5      | Noticed Grinder
  4096 | D:5      | Paralysed by Grinder for 4 turns
  4102 | D:5      | Killed Grinder
  4108 | D:5      | Reached skill level 6 in Air Magic
  4108 | D:5      | Reached XP level 8. HP: 14/49 MP: 3/12
  4718 | D:5      | Found a burning altar of Makhleb.
  4718 | D:5      | Found a stormy altar of Qazlal.
  4899 | D:5      | Mangled by an ogre

Illustrated notes

Levels and vault maps discovered:
D:1:      lemuel_arrival_hallway, layout_rooms
D:2:      minmay_spotlight, layout_rooms, st_stairs_10
D:3:      layout_loops_cross, gammafunk_ghost_abyssal_escape, serial_shops,
          shop, uniq_jessica
D:4:      layout_loops_ring, uniq_robin
D:5:      layout_basic, mainiacjoe_overflow_divided_tiny,
          minmay_temple_entry_trees, uniq_grinder

Skill      XL: |  1  2  3  4  5  6  7  8 |
---------------+-------------------------+-----
Armour         | 1 2 3 |  3.5
Fighting       | 1 2 3 |  3.2
Conjurations   | 2 3 4 |  4.6
Axes           | 1 2 3 |  3.4
Dodging        | 3 4 |  4.6
Air Magic      | 5 6 |  6.3
Spellcasting   | 3 |  3.7
Stealth        | |  2.0

Action                   |  1- 3 |  4- 6 |  7- 9 || total
-------------------------+-------+-------+-------++-------
Melee: Hand axe          |    18 |    50 |    22 ||    90
       Kick              |     4 |    15 |     8 ||    27
       Peck              |     1 |     7 |     3 ||    11
       Punch             |       |     1 |       ||     1
 Cast: Shock             |    69 |   108 |    51 ||   228
       Static Discharge  |       |     5 |       ||     5
  Use: Scroll            |     6 |     6 |       ||    12
       Potion            |       |     9 |     3 ||    12
Armor: Robe              |     8 |       |       ||     8
       Leather armour    |     3 |    17 |    12 ||    32
Dodge: Dodged            |    17 |    68 |    33 ||   118

Table legend: (Time is in decaauts)
 A = Elapsed time spent in this place.
 B = Non-inter-level travel time spent in this place.
 C = Inter-level travel time spent in this place.
 D = Time resting spent in this place.
 E = Time spent auto-exploring this place.
 F = Levels seen in this place.
 G = Mean time per level.
                   A        B        C        D        E       F      G
               +--------+--------+--------+--------+--------+-----+--------+
         Total |   4756 |   4544 |    212 |      0 |   3964 |   5 |  951.2 |
       Dungeon |   4756 |   4544 |    212 |      0 |   3964 |   5 |  951.2 |
               +--------+--------+--------+--------+--------+-----+--------+

Top non-repeatable levels by time:
     D:4: 1253 daAuts
     D:5: 939 daAuts
     D:1: 904 daAuts
     D:2: 879 daAuts
     D:3: 778 daAuts
